 Dungeon Crawl Stone Soup version 0.30-a0-1163-gf69bf04e7a (webtiles) character file.

Game seed: 9492040763478829113

2 Ahpoh the Trooper (level 1, -1/11 HPs)
             Began as a Vine Stalker Berserker on Apr 28, 2023.
             Was a Follower of Trog.
             Slain by a quokka (2 damage)
             ... on level 1 of the Dungeon.
             The game lasted 00:00:09 (65 turns).

Ahpoh the Trooper (Vine Stalker Berserker)            Turns: 65, Time: 00:00:09

Health: -1/11      AC:  2    Str: 19    XL:     1   Next: 40%
Magic:  0/2        EV: 12    Int:  7    God:    Trog [*.....]
Gold:   17         SH:  0    Dex: 13    Spells: 0/0 levels left

rFire   . . .        a - +0 falchion
rCold   . . .        (no shield)
rNeg    . . .        b - +0 animal skin
rPois   .            (no helmet)
rElec   .            (no cloak)
rCorr   .            (no gloves)
SInv    .            (no boots)
Will    .....        (no amulet)
Stlth   +            (no ring)
HPRegen 0.21/turn    (no ring)
MPRegen 0.08/turn

%: guardian spirit
@: no status effects
A: fangs 2, magic shield, antimagic bite, no potion heal 2
a: Renounce Religion, Berserk


You were on level 1 of the Dungeon.
You worshipped Trog.
Trog was aware of your devotion.
You visited 1 branch of the dungeon, and saw 1 of its levels.

You collected 17 gold pieces.

Inventory:

Hand Weapons
 a - a +0 falchion (weapon)
Armour
 b - a +0 animal skin (worn)


   Skills:
 + Level 2.7 Fighting
 + Level 2.7 Long Blades
 + Level 1.5 Armour
 + Level 1.6 Dodging


You couldn't memorise any spells.
You didn't know any spells.
Your spell library was empty.

Dungeon Overview and Level Annotations

Branches:
Dungeon (1/15)

Altars:


Innate Abilities, Weirdness & Mutations

You have extremely sharp teeth.
When hurt, damage is shared between your health and your magic reserves.
Your bite disrupts and absorbs the magic of your enemies.
Potions cannot restore your health.


Message History

You see here a ball python corpse.
You barely miss the bat. The bat barely misses you.
Found a scroll labelled ANIXZU BYQIT.
The bat hits you but does no damage.
A kobold comes into view. It is wielding a +0 dagger.
The bat hits you.
You hit the bat. You bite the bat.
You kill the bat!
Trog accepts your kill.
The kobold shouts!
A quokka comes into view.
Found a stone staircase leading down.
You barely miss the kobold. Your bite misses the kobold.
The kobold closely misses you. The quokka barely misses you.
You hit the kobold but do no damage. The kobold hits you with a +0 dagger.
The quokka bites you.
You closely miss the kobold. You bite the kobold, but do no damage.
The quokka bites you. The kobold hits you but does no damage.
The quokka bites you but does no damage.
You barely miss the kobold. You bite the kobold, but do no damage.
The kobold barely misses you. The quokka bites you. The kobold misses you.
You hit the kobold. Your bite misses the kobold.
The kobold is severely wounded.
The quokka bites you. The kobold hits you but does no damage.
You closely miss the kobold. Your bite misses the kobold.
The kobold is severely wounded.
The quokka barely misses you. The kobold closely misses you.
The quokka closely misses you.
You hit the kobold.
You kill the kobold!
Trog accepts your kill.
The quokka bites you but does no damage.
The quokka completely misses you.
Things that are here:
a +0 dagger; a kobold corpse You hit the quokka.
The quokka is severely wounded.
The quokka bites you.
* * * LOW HITPOINT WARNING * * *
The quokka bites you.
You die...

#...........#
######+###### ..#
#.§.....# #.># #≈§...≈≈#
...# ###≈≈≈≈≈≈§# ##.#.#
..####'####...##...?# #
##[........####.....#.##
#####.######.#.........
#..#####.#.@......#
##.......#.r.##....
######..#........#
#..#.#..##..
#.##........
#...†.......
############


You could see a quokka.

Vanquished Creatures
  A kobold (D:1)
  A ball python (D:1)
  A bat (D:1)
3 creatures vanquished.

Notes
Turn   | Place    | Note
-------+----------+-------------------------------------------
     0 | D:1      | Ahpoh the Vine Stalker Berserker began the quest for the
                  | Orb.
     0 | D:1      | Reached XP level 1. HP: 11/11 MP: 2/2
    65 | D:1      | Slain by a quokka

Illustrated notes

Levels and vault maps discovered:
D:1:      dpeg_arrival_yet_another_circle, layout_basic,
          shapermc_ecumenical_altar_petra

Action                     || total
---------------------------++-------
  Melee: Falchion          ||    12
         Bite              ||     3
 Armour: Animal skin       ||     6
  Dodge: Dodged            ||    10

Table legend: (Time is in decaauts)
 A = Elapsed time spent in this place.
 B = Non-inter-level travel time spent in this place.
 C = Inter-level travel time spent in this place.
 D = Time resting spent in this place.
 E = Time spent auto-exploring this place.
 F = Levels seen in this place.
 G = Mean time per level.
                   A        B        C        D        E       F      G
               +--------+--------+--------+--------+--------+-----+--------+
         Total |     66 |     66 |      0 |      0 |     32 |   1 |   66.0 |
       Dungeon |     66 |     66 |      0 |      0 |     32 |   1 |   66.0 |
               +--------+--------+--------+--------+--------+-----+--------+

Top non-repeatable levels by time:
     D:1: 66 daAuts
